Workbook
Name Efectivo_mínimo: 'Previsión de flujo de efectivo'!$J$3
Name Fecha_de_inicio: 'Previsión de flujo de efectivo'!$F$3

Sheet Previsión de flujo de efectivo
B3: Saldo inicial | E3: Fecha de inicio | F3: 46023 | H3: Alerta de mínimo de saldo | J3: 2000
C5: =_xlfn.SINGLE(IF(_xlfn.SINGLE(Fecha_de_inicio)="","",Fecha_de_inicio)) -> 46023 | D5: =IF(C5="","",DATE(YEAR(C5),MONTH(C5)+1,1)) -> 46054 | E5: =IF(D5="","",DATE(YEAR(D5),MONTH(D5)+1,1)) -> 46082 | F5: =IF(E5="","",DATE(YEAR(E5),MONTH(E5)+1,1)) -> 46113 | G5: =IF(F5="","",DATE(YEAR(F5),MONTH(F5)+1,1)) -> 46143 | H5: =IF(G5="","",DATE(YEAR(G5),MONTH(G5)+1,1)) -> 46174 | I5: =IF(H5="","",DATE(YEAR(H5),MONTH(H5)+1,1)) -> 46204 | J5: =IF(I5="","",DATE(YEAR(I5),MONTH(I5)+1,1)) -> 46235 | K5: =IF(J5="","",DATE(YEAR(J5),MONTH(J5)+1,1)) -> 46266 | ... N5: =IF(M5="","",DATE(YEAR(M5),MONTH(M5)+1,1)) -> 46357 | O5: Total
B6: Efectivo disponible (a principios de mes) | C6: =C3 -> 0 | D6: =C54 -> 0 | E6: =D54 -> 0 | F6: =E54 -> 0 | G6: =F54 -> 0 | H6: =G54 -> 0 | I6: =H54 -> 0 | J6: =I54 -> 0 | K6: =J54 -> 0 | ... N6: =M54 -> 0
B8: Entradas de tesorería
B10: Ventas | O10: =SUM(C10:N10) -> 0
B11: Devoluciones de impuestos | O11: =SUM(C11:N11) -> 0
B12: Préstamos | O12: =SUM(C12:N12) -> 0
B13: Intereses y otros ingresos | O13: =SUM(C13:N13) -> 0
B14: Otros ingresos de entidades de crédito | O14: =SUM(C14:N14) -> 0
B15: Aportaciones de los socios / propietarios | O15: =SUM(C15:N15) -> 0
B16: Otros ingresos | O16: =SUM(C16:N16) -> 0
B17: Total ingresos | C17: =SUM(C10,C12:C16,(C11*-1)) -> 0 | D17: =SUM(D10,D12:D16,(D11*-1)) -> 0 | E17: =SUM(E10,E12:E16,(E11*-1)) -> 0 | F17: =SUM(F10,F12:F16,(F11*-1)) -> 0 | G17: =SUM(G10,G12:G16,(G11*-1)) -> 0 | H17: =SUM(H10,H12:H16,(H11*-1)) -> 0 | I17: =SUM(I10,I12:I16,(I11*-1)) -> 0 | J17: =SUM(J10,J12:J16,(J11*-1)) -> 0 | ... N17: =SUM(N10,N12:N16,(N11*-1)) -> 0 | O17: =SUM(O10:O16) -> 0
B19: Salidas de tesorería
B21: Publicidad | O21: =SUM(C21:N21) -> 0
B22: Comisiones y honorarios | O22: =SUM(C22:N22) -> 0
B23: Mano de obra contratada | O23: =SUM(C23:N23) -> 0
B24: Programas de ventajas para los empleados | O24: =SUM(C24:N24) -> 0
B25: Seguros (distintos al sanitario) | O25: =SUM(C25:N25) -> 0
B26: Gasto de intereses | O26: =SUM(C26:N26) -> 0
B27: Materiales y suministros (en COGS) | O27: =SUM(C27:N27) -> 0
B28: Comidas y entretenimiento | O28: =SUM(C28:N28) -> 0
B29: Interés de la hipoteca | O29: =SUM(C29:N29) -> 0
B30: Gastos de la oficina | O30: =SUM(C30:N30) -> 0
B31: Gastos de otros intereses | O31: =SUM(C31:N31) -> 0
B32: Planes de pensiones y de reparto de utilidades | O32: =SUM(C32:N32) -> 0
... B45: Varios | O45: =SUM(C45:N45) -> 0
B46: Subtotal | C46: =SUM(C21:C45) -> 0 | D46: =SUM(D21:D45) -> 0 | E46: =SUM(E21:E45) -> 0 | F46: =SUM(F21:F45) -> 0 | G46: =SUM(G21:G45) -> 0 | H46: =SUM(H21:H45) -> 0 | I46: =SUM(I21:I45) -> 0 | J46: =SUM(J21:J45) -> 0 | ... N46: =SUM(N21:N45) -> 0 | O46: =SUM(C46:N46) -> 0
B48: Pago principal del préstamo | O48: =SUM(C48:N48) -> 0
B49: Compras de capital | O49: =SUM(C49:N49) -> 0
B50: Otros gastos de inicio | O50: =SUM(C50:N50) -> 0
B51: Depósitos y reservas pendientes | O51: =SUM(C51:N51) -> 0
B52: Dinero retirado para los propietarios | O52: =SUM(C52:N52) -> 0
B53: Total salidas | C53: =C46-SUM(C48:C52) -> 0 | D53: =D46-SUM(D48:D52) -> 0 | E53: =E46-SUM(E48:E52) -> 0 | F53: =F46-SUM(F48:F52) -> 0 | G53: =G46-SUM(G48:G52) -> 0 | H53: =H46-SUM(H48:H52) -> 0 | I53: =I46-SUM(I48:I52) -> 0 | J53: =J46-SUM(J48:J52) -> 0 | ... N53: =N46-SUM(N48:N52) -> 0 | O53: =SUM(O46,O48:O52) -> 0
B54: Efectivo disponible (finales de mes) | C54: =(C6+C17-C53) -> 0 | D54: =(D6+D17-D53) -> 0 | E54: =(E6+E17-E53) -> 0 | F54: =(F6+F17-F53) -> 0 | G54: =(G6+G17-G53) -> 0 | H54: =(H6+H17-H53) -> 0 | I54: =(I6+I17-I53) -> 0 | J54: =(J6+J17-J53) -> 0 | ... N54: =(N6+N17-N53) -> 0

Sheet Gráfico del flujo de efectivo
B3: Mes | C3: Efectivo disponible | M3: =B3 -> Mes | N3: No por debajo del mínimo | O3: Debajo del mínimo
B4: ='Previsión de flujo de efectivo'!C5 -> 46023 | C4: ='Previsión de flujo de efectivo'!C6 -> 0 | M4: =B4 -> 46023 | N4: =IF(C4<Efectivo_mínimo,0,C4) -> 0 | O4: =IF(C4<Efectivo_mínimo,C4,0) -> 0
B5: ='Previsión de flujo de efectivo'!D5 -> 46054 | C5: ='Previsión de flujo de efectivo'!D6 -> 0 | M5: =B5 -> 46054 | N5: =IF(C5<Efectivo_mínimo,0,C5) -> 0 | O5: =IF(C5<Efectivo_mínimo,C5,0) -> 0
B6: ='Previsión de flujo de efectivo'!E5 -> 46082 | C6: ='Previsión de flujo de efectivo'!E6 -> 0 | M6: =B6 -> 46082 | N6: =IF(C6<Efectivo_mínimo,0,C6) -> 0 | O6: =IF(C6<Efectivo_mínimo,C6,0) -> 0
B7: ='Previsión de flujo de efectivo'!F5 -> 46113 | C7: ='Previsión de flujo de efectivo'!F6 -> 0 | M7: =B7 -> 46113 | N7: =IF(C7<Efectivo_mínimo,0,C7) -> 0 | O7: =IF(C7<Efectivo_mínimo,C7,0) -> 0
B8: ='Previsión de flujo de efectivo'!G5 -> 46143 | C8: ='Previsión de flujo de efectivo'!G6 -> 0 | M8: =B8 -> 46143 | N8: =IF(C8<Efectivo_mínimo,0,C8) -> 0 | O8: =IF(C8<Efectivo_mínimo,C8,0) -> 0
B9: ='Previsión de flujo de efectivo'!H5 -> 46174 | C9: ='Previsión de flujo de efectivo'!H6 -> 0 | M9: =B9 -> 46174 | N9: =IF(C9<Efectivo_mínimo,0,C9) -> 0 | O9: =IF(C9<Efectivo_mínimo,C9,0) -> 0
B10: ='Previsión de flujo de efectivo'!I5 -> 46204 | C10: ='Previsión de flujo de efectivo'!I6 -> 0 | M10: =B10 -> 46204 | N10: =IF(C10<Efectivo_mínimo,0,C10) -> 0 | O10: =IF(C10<Efectivo_mínimo,C10,0) -> 0
B11: ='Previsión de flujo de efectivo'!J5 -> 46235 | C11: ='Previsión de flujo de efectivo'!J6 -> 0 | M11: =B11 -> 46235 | N11: =IF(C11<Efectivo_mínimo,0,C11) -> 0 | O11: =IF(C11<Efectivo_mínimo,C11,0) -> 0
B12: ='Previsión de flujo de efectivo'!K5 -> 46266 | C12: ='Previsión de flujo de efectivo'!K6 -> 0 | M12: =B12 -> 46266 | N12: =IF(C12<Efectivo_mínimo,0,C12) -> 0 | O12: =IF(C12<Efectivo_mínimo,C12,0) -> 0
B13: ='Previsión de flujo de efectivo'!L5 -> 46296 | C13: ='Previsión de flujo de efectivo'!L6 -> 0 | M13: =B13 -> 46296 | N13: =IF(C13<Efectivo_mínimo,0,C13) -> 0 | O13: =IF(C13<Efectivo_mínimo,C13,0) -> 0
B14: ='Previsión de flujo de efectivo'!M5 -> 46327 | C14: ='Previsión de flujo de efectivo'!M6 -> 0 | M14: =B14 -> 46327 | N14: =IF(C14<Efectivo_mínimo,0,C14) -> 0 | O14: =IF(C14<Efectivo_mínimo,C14,0) -> 0
B15: ='Previsión de flujo de efectivo'!N5 -> 46357 | C15: ='Previsión de flujo de efectivo'!N6 -> 0 | M15: =B15 -> 46357 | N15: =IF(C15<Efectivo_mínimo,0,C15) -> 0 | O15: =IF(C15<Efectivo_mínimo,C15,0) -> 0

Sheet Info
A1: Previsión de flujo de efectivo o Cash Flow
A3: Esta es una herramienta indispensable para llevar el control de las entradas y salidas de tesorería
A5: Tres puntos clave
A6: Saldo inicial
A7: Entrada de tesorería
A8: Salida de tesorería
A10: Objetivo: tener una foto clara del efectivo disponible de la empresa
A11: Por lo que los importes a principio y final del periodo deben coincidir con los saldos que la empresa tiene disponible en las entidades bancarias y la caja
A13: Una conciliación bancaria mensual es fundamental para que la gestión sea óptima
A15: Una previsión a futuro de las entradas estimadas en función de información conocida del negocio y de cálculos estimados ayudará a avanzarnos a una posible situación de tensión de tesorería o a conocer con anticipación los excesos de tesorería disponibles de los que podremos hacer gestión para posibles inversiones.
